 Dungeon Crawl Stone Soup version 0.29.1-2-gbd0b4ee654 (webtiles) character file.

Game seed: 3475108208643961055

2 zeram the Magician (level 1, 0/15 HPs)
             Began as a Djinni Summoner on Nov 10, 2022.
             Slain by a gnoll
             ... wielding a +0 club
              (6 damage)
             ... on level 1 of the Dungeon.
             The game lasted 00:00:49 (507 turns).

zeram the Magician (Djinni Summoner)                 Turns: 507, Time: 00:00:50

Health: 0/15       AC:  2    Str:  7    XL:     1   Next: 33%
Gold:   0          EV: 12    Int: 16    God:
                   SH:  0    Dex: 13

rFire   + + .      SeeInvis .   (no weapon)
rCold   x . .      Faith    .   (no shield)
rNeg    . . .      Spirit   .   a - +0 robe
rPois   ∞          Reflect  .   (no helmet)
rElec   .          Harm     .   (no cloak)
rCorr   .          Rampage  .   (no gloves)
Will    .....                   (boots unavailable)
Stlth   ++........              (no amulet)
HPRegen 0.05/turn               (no ring)
MPRegen 0.00/turn               (no ring)

@: flying
A: sickness immunity, fire resistance 2, cold vulnerability 1, float, innate
caster, HP casting, extra vitality 1
a: no special abilities


You were on level 1 of the Dungeon.
You visited 1 branch of the dungeon, and saw 1 of its levels.

Inventory:

Armour
 a - a +0 robe (worn)
Scrolls
 b - a scroll of teleportation {unknown}
Potions
 c - 2 potions of might {unknown}


   Skills:
 + Level 2.2 Dodging
 - Level 1.5 Stealth
 + Level 3.3 Spellcasting


You couldn't memorise any spells.
You knew the following spells:

 Your Spells              Type           Power      Damage    Failure   Level
a - Summon Small Mammal   Summ           52%        N/A       4%          1
b - Call Imp              Summ           13%        N/A       7%          2
c - Call Canine Familiar  Summ           13%        N/A       14%         3
d - Summon Guardian Gole  Hex/Summ       13%        N/A       14%         3
e - Summon Lightning Spi  Summ/Air       13%        N/A       41%         4
Your spell library was empty.

Dungeon Overview and Level Annotations

Branches:
Dungeon (1/15)

Altars:


Innate Abilities, Weirdness & Mutations

You are immune to sickness and miasma.
You are immune to poison.
Your flesh is very heat resistant. (rF++)
You are vulnerable to cold. (rC-)
You float through the air rather than walking.
You learn spells naturally, not from books.
Your magical power is your life essence.
You have superior vitality. (+4 MHP)


Message History

The endoplasm hits you.
Unknown command.
Casting: Summon Small Mammal (safe; 4% risk of failure)
Confirm with . or Enter, or press ? or * to list all spells.
The endoplasm freezes you.
You are frozen.
You feel a terrible chill!
* * * LOW HITPOINT WARNING * * *
Unknown command.
A gnoll comes into view. It is wielding a +0 club.
Your quokka bites the endoplasm.
The endoplasm dies!
You start resting.
Your quokka disappears in a puff of smoke!
HP restored.
Casting: Summon Small Mammal (safe; 4% risk of failure)
Confirm with . or Enter, or press ? or * to list all spells.
Casting: Summon Small Mammal (safe; 4% risk of failure)
Confirm with . or Enter, or press ? or * to list all spells.
What are your orders? t - Shout!
Orders for allies: a - Attack new target. r - Retreat! s - Stop attacking. g - Guard the area. f - Follow me.
Anything else - Cancel.
Gang up on whom?
Press: ? - help, Dir - move target, f - gnoll
Aim: a gnoll, wielding a +0 club (ally target) Attack!
Your rat bites the gnoll.
Your rat bites the gnoll but does no damage.
Your quokka bites the gnoll but does no damage.
Your rat bites the gnoll but does no damage.
You hit the gnoll but do no damage.
The gnoll is lightly wounded.
Your quokka barely misses the gnoll.
The gnoll hits you with a +0 club!
Your rat bites the gnoll but does no damage.
Unknown command.
You hit the gnoll but do no damage.
The gnoll is lightly wounded.
Your quokka bites the gnoll.
The gnoll hits you with a +0 club.
You die...

### ##### #.#. ## #..
...######.# #
##.##.######.##.)..## #
#...............###.###
.....######.##.####.#.
#..######.#.........
#.r.......#..#####..
####.##rg#####.#..# #..
.?......@# #..... ###..
####.###.# ###..# .....
# #.# #.~♣ ♣♣♣♣♣ #.#
#~~≈♣♣♣≈≈♣ #.#
♣♣~~~~~~~ #.# ♣≈~~~~~~~
#.# ♣~~~~<~~ ...
♣~~~~~~~ ♣≈~~~~~~~


You could see a gnoll (ally target), a friendly quokka (summoned) and a friendly
rat (summoned).

Vanquished Creatures
  A ball python (D:1)
1 creature vanquished.

Vanquished Creatures (collateral kills)
  An endoplasm (D:1)
1 creature vanquished.

Grand Total: 2 creatures vanquished

Notes
Turn   | Place    | Note
-------+----------+-------------------------------------------
     0 | D:1      | zeram the Djinni Summoner began the quest for the Orb.
     0 | D:1      | zeram set off with the following spells memorised: Summon
                  | Small Mammal, Call Imp, Call Canine Familiar, Summon
                  | Guardian Golem, Summon Lightning Spire.
     0 | D:1      | Reached XP level 1. HP: 15/15 MP: 0/0
   507 | D:1      | Slain by a gnoll

Illustrated notes

Levels and vault maps discovered:
D:1:      reono_arrival_forest_river, layout_loops_ring,
          hellmonk_ecumenical_altar_inner_sanctum

Action                   || total
-------------------------++-------
Melee: Unarmed           ||    11
 Cast: Summon Small Mamm ||     7
Armor: Robe              ||     1
Dodge: Dodged            ||     5
